 Dungeon Crawl Stone Soup version 0.26.0-45-g9c1d065592 (webtiles) character file.

Game seed: 1329044947920898599

116 trckry the Bolt Thrower (level 5, 0/31 HPs)
             Began as a Tengu Hunter on Jan 31, 2021.
             Killed by divine providence
             ... invoked by an orc priest
              (14 damage)
             ... on level 3 of the Dungeon.
             The game lasted 00:03:00 (2763 turns).

trckry the Bolt Thrower (Tengu Hunter)              Turns: 2763, Time: 00:03:00

Health: 0/31       AC:  6    Str: 13    XL:     5   Next: 0%
Magic:  3/6        EV: 12    Int: 11    God:
Gold:   110        SH:  0    Dex: 15    Spells: 4/4 levels left

rFire    . . .     SeeInvis .   a - +1 hand crossbow
rCold    . . .     Faith    .   (no shield)
rNeg     . . .     Spirit   .   r - +0 scale mail
rPois    .         Reflect  .   (helmet restricted)
rElec    .         Harm     .   (no cloak)
rCorr    +         Rampage  .   (no gloves)
Will     .....                  (boots unavailable)
Stlth    ..........             (no amulet)
HPRegen  0.10/turn              o - ring of resist corrosion
MPRegen  0.10/turn              (no ring)

@: flying quickly and evasively, quick
A: beak, talons 3, able to fly
a: Stop Flying


You were on level 3 of the Dungeon.
You visited 1 branch of the dungeon, and saw 3 of its levels.

You collected 110 gold pieces.

Inventory:

Hand Weapons
 a - a +1 hand crossbow (weapon)
 b - a +0 short sword
Missiles
 d - 24 bolts (quivered ammo)
Armour
 r - a +0 scale mail (worn)
Jewellery
 o - a ring of resist corrosion (left hand)
Scrolls
 e - a scroll of noise {unknown}
 h - 4 scrolls of teleportation {unknown}
 i - 2 scrolls of identify {unknown}
 j - a scroll of random uselessness {unknown}
 l - a scroll of immolation {unknown}
 n - 2 scrolls of remove curse {unknown}
 p - a scroll of fog {unknown}
 s - a scroll of enchant armour {unknown}
Potions
 c - a potion of flight {unknown}
 f - a potion of ambrosia {unknown}
 g - 2 potions of curing {unknown}
 k - a potion of attraction {unknown}
 m - a potion of lignification {unknown}
 q - 2 potions of brilliance {unknown}


   Skills:
 + Level 2.6 Fighting
 + Level 1.5 Staves
 * Level 5.1 Crossbows
 + Level 1.4 Armour
 - Level 2.5 Dodging
 - Level 1.0 Stealth
 + Level 1.1 Invocations
 + Level 1.1 Evocations


You had 4 spell levels left.
You didn't know any spells.
Your spell library was empty.

Dungeon Overview and Level Annotations

Branches:
Dungeon (3/15)

Altars:
Fedhas


Innate Abilities, Weirdness & Mutations

You have a beak for a mouth.
You have claws for feet.
You can fly continuously.


Message History

You have reached level 5!
You have gained the ability to fly.
You swoop lightly up into the air.
You feel very comfortable in the air.
h - 4 scrolls labelled WETA ZUMIOJESCH (gained 1)
d - 24 bolts (gained 3)
Items here: )) [[ †††.
d - 25 bolts (gained 1)
You see here a rat corpse.
An orc priest comes into view. It is wielding a +0 club.
You see here 3 bolts.
The orc priest shouts!
You see here 4 bolts.
Fire: 25 bolts
Press: ? - help, Q - select action, (/) - cycle Shift-Dir - straight line, f - orc priest
Aim: an orc priest, wielding a +0 club and wearing a +0 leather armour (66% to hit)
You shoot a bolt. The bolt hits the orc priest.
The orc priest is moderately wounded.
The orc priest mumbles some strange prayers to Beogh against you.
Beogh smites you!
You die...

#.# #.#
#.# # #.#
.# #.# ..
#.# ##.
#)#
###...##†#
#......@(#
......####
...o. ...#
#. #


You could see an orc priest.

Vanquished Creatures
  2 orc priests (D:3)
  A gnoll (D:1)
  An adder (D:2)
  A worm (D:2)
  A dart slug (D:1)
  A leopard gecko (D:2)
  2 orcs (D:3)
  2 giant cockroaches
  5 goblins
  A hobgoblin (D:1)
  2 quokkas (D:2)
  4 bats
  3 frilled lizards (D:1)
  3 kobolds
  7 rats
36 creatures vanquished.

Notes
Turn   | Place    | Note
-------+----------+-------------------------------------------
     0 | D:1      | trckry the Tengu Hunter began the quest for the Orb.
     0 | D:1      | Reached XP level 1. HP: 12/12 MP: 2/2
    94 | D:1      | Reached XP level 2. HP: 17/17 MP: 3/3
   978 | D:2      | Reached XP level 3. HP: 9/21 MP: 4/4
  1717 | D:2      | Reached skill level 1 in Staves
  1903 | D:2      | Reached skill level 1 in Armour
  1944 | D:2      | Found a blossoming altar of Fedhas.
  2309 | D:3      | HP: 1/22 [gnoll/+0 halberd (10)]
  2719 | D:3      | Reached XP level 4. HP: 24/27 MP: 5/5
  2722 | D:3      | Reached skill level 5 in Crossbows
  2722 | D:3      | Reached skill level 1 in Invocations
  2722 | D:3      | Reached skill level 1 in Evocations
  2756 | D:3      | Gained mutation: You can fly continuously. [Tengu growth]
  2756 | D:3      | Reached XP level 5. HP: 13/31 MP: 6/6
  2763 | D:3      | Killed from afar by an orc priest

Illustrated notes

Levels and vault maps discovered:
D:1:      minmay_arrival_jagged, layout_loops_corners, serial_bayou,
          serial_bayou_pond_d, serial_bayou_ford_a, serial_bayou_pond_e,
          serial_bayou_pond_a, serial_bayou_pond_e, serial_bayou_shore_a,
          minmay_tetromino_o4
D:2:      layout_basic, marbit_many_paths, minmay_misc_feat_square
D:3:      layout_loops_ring

Skill      XL: |  1  2  3  4 |
---------------+-------------+-----
Staves         | 1 |  1.5
Armour         | 1 |  1.4
Crossbows      | 5 |  5.1
Invocations    | 1 |  1.1
Evocations     | 1 |  1.1
Fighting       | |  2.6
Dodging        | |  2.5
Stealth        | |  1.0

Action                   |  1- 3 |  4- 6 || total
-------------------------+-------+-------++-------
Melee: Short sword       |    74 |     2 ||    76
       Kick              |    21 |       ||    21
       Peck              |    11 |       ||    11
 Fire: Hand crossbow     |     5 |    14 ||    19
 Abil: Fly               |       |     1 ||     1
 Stab: Sleeping          |     3 |       ||     3
Armor: Leather armour    |    14 |       ||    14
       Scale mail        |     1 |     3 ||     4
Dodge: Dodged            |    42 |     3 ||    45
